Map: 나이트쉐이드 - 래더

Players

SpeCial

  • Race: Terran Terran
  • League: Master
  • Spawn Location: 11:00

Dream - Winner!

  • Race: Terran Terran
  • Spawn Location: 5:00

VOD

Have the link to the VOD?

Description

Time

  • Played on: Jan. 8, 2020, 6 a.m.
  • Length: 9:44
Show
View Real Time Build Order
Export as new Build Order

SpeCial Terran 

Build Orders: Liberator Opening 

Get SALT Encoding   

  12  0:00  SCV  
  13  0:13  SCV  
  14  0:17  Supply Depot  
  14  0:25  SCV  
  14  0:27  Refinery  
  15  0:39  SCV  
  16  0:44  Barracks  
  16  0:51  SCV  
  16  0:54  Refinery  
  17  1:03  SCV  
  18  1:15  SCV  
  19  1:31  Factory, Orbital Command  
  19  1:34  Reaper  
  20  1:42  Supply Depot  
  20  1:57  SCV  
  21  2:06  Reaper  
  22  2:09  SCV  
  22  2:15  Hellion  
  25  2:21  SCV  
  26  2:28  Command Center  
  26  2:35  Starport  
  26  2:37  SCV  
  26  2:40  Barracks Reactor  
  27  2:45  Widow Mine  
  27  2:50  Supply Depot  
  29  2:52  SCV  
  29  2:55  Liberator  
  30  3:05  SCV  
  31  3:08  Factory Tech Lab  
  34  3:17  Marine  
  36  3:21  SCV  
  36  3:24  Refinery  
  36  3:31  Siege Tank  
  39  3:39  Marine x2  
  39  3:40  SCV, Orbital Command  
  42  3:52  SCV  
  43  3:57  Medivac  
  43  4:00  Marine x2  
  47  4:04  SCV  
  47  4:05  Siege Tank  
  51  4:12  SCV  
  51  4:16  SCV  
  51  4:18  Marine x2  
  51  4:24  SCV  
  52  4:28  SCV  
  53  4:36  SCV  
  54  4:39  Supply Depot  
  54  4:47  Factory Tech Lab  
  54  5:00  Marine x2, SCV x2  
  54  5:01  Supply Depot  
  54  5:02  Raven  
  60  5:12  SCV x2  
  62  5:21  Marine  
  60  5:22  Siege Tank  
  60  5:24  SCV x2  
  64  5:33  Marine  
  62  5:36  SCV x2  
  62  5:39  Marine  
  60  5:45  Raven  
  60  5:49  SCV x2  
  56  5:51  Marine  
  56  5:56  Marine  
  58  6:01  SCV x2  
  60  6:04  Siege Tank  
  60  6:05  Command Center  
  60  6:09  Marine  
  64  6:13  SCV x2  
  64  6:14  Marine  
  67  6:25  SCV x2  
  69  6:26  Marine  
  70  6:33  Marine  
  70  6:44  Supply Depot x2, Barracks x2  
  70  6:45  Marine, Raven, SCV x2, Siege Tank  
  78  7:05  Marine x2  
  78  7:06  SCV x2, Refinery  
  78  7:08  Engineering Bay  
  82  7:09  Engineering Bay  
  81  7:18  SCV x2  
  81  7:19  Orbital Command  
  81  7:21  Siege Tank  
  88  7:30  SCV x2  
  88  7:38  Terran Infantry Weapons Level 1, Terran Infantry Armor Level 1  
  88  7:39  Barracks Tech Lab  
  88  7:42  SCV x2  
  87  7:46  Barracks Reactor  
  87  7:50  Marine  
  84  7:51  Viking x2, Stimpack  
  84  7:53  SCV  
  84  7:54  SCV x2  
  84  7:57  Siege Tank  
  94  8:02  Marine  
  94  8:05  SCV  
  96  8:06  SCV x2  
  96  8:08  Marine  
  95  8:13  Combat Shield  
  95  8:17  SCV  
  95  8:18  SCV x2  
  98  8:20  Marine  
  98  8:22  Sensor Tower  
  98  8:24  Viking x2  
  98  8:26  Marine  
  104  8:29  SCV  
  104  8:30  SCV x2  
  107  8:34  Refinery  
  107  8:37  Refinery  
  107  8:38  Missile Turret  
  103  8:43  SCV x2  
  103  8:49  Marine  
  103  8:52  Marine  
  103  8:54  Viking x2  
  101  8:57  Marine  
  101  9:00  SCV  
  99  9:02  Marine  
  99  9:04  SCV  
  99  9:07  Marine  
  99  9:09  Marine  
  102  9:11  Siege Tank  
  102  9:13  SCV  
  102  9:16  Marine  
  108  9:20  Marine  
  109  9:25  Marine  
Show
View Real Time Build Order
Export as new Build Order

Dream Terran - Winner!

Build Orders:  

Get SALT Encoding   

  12  0:00  SCV  
  13  0:12  SCV  
  14  0:18  Supply Depot  
  14  0:24  SCV  
  15  0:39  SCV  
  15  0:40  Barracks  
  16  0:44  Refinery  
  16  0:51  SCV  
  17  1:00  Barracks  
  17  1:03  SCV  
  18  1:15  SCV  
  19  1:27  Orbital Command, Reaper  
  20  1:35  Supply Depot  
  20  1:47  Reaper  
  21  1:53  SCV  
  22  2:03  Reaper  
  22  2:05  SCV  
  24  2:16  Command Center  
  24  2:18  SCV  
  24  2:21  Marine  
  26  2:25  Refinery  
  26  2:28  Supply Depot  
  26  2:30  SCV  
  26  2:35  Marine  
  28  2:39  Marine  
  28  2:42  SCV  
  30  2:46  Factory  
  30  2:54  SCV  
  31  2:58  Marine  
  32  3:06  SCV  
  33  3:15  Barracks Tech Lab  
  33  3:18  SCV  
  34  3:23  Marine  
  35  3:27  Orbital Command  
  35  3:30  SCV  
  35  3:31  Factory Tech Lab  
  35  3:32  Starport  
  36  3:37  Stimpack  
  36  3:40  Refinery  
  36  3:42  SCV  
  37  3:51  Cyclone  
  40  3:57  SCV  
  40  3:58  SCV  
  42  4:08  Command Center  
  42  4:09  SCV  
  43  4:12  SCV  
  43  4:14  Starport Tech Lab  
  44  4:21  SCV  
  44  4:24  SCV  
  45  4:25  Siege Tank  
  45  4:26  Marine x2  
  50  4:34  SCV  
  50  4:36  SCV  
  50  4:37  Supply Depot  
  52  4:39  Raven  
  54  4:46  Supply Depot  
  54  4:49  SCV  
  54  4:53  SCV  
  54  4:55  Barracks Reactor  
  54  4:59  Marine, Barracks  
  55  5:02  SCV, Supply Depot, Refinery  
  55  5:05  SCV  
  55  5:06  Siege Tank  
  60  5:14  SCV  
  60  5:16  Marine  
  60  5:17  SCV  
  57  5:25  Orbital Command  
  57  5:31  Combat Shield  
  57  5:32  SCV x2  
  57  5:34  Marine  
  56  5:43  Marine  
  56  5:44  SCV x2  
  55  5:51  Marine x2  
  55  5:52  Marine  
  55  5:54  Siege Tank  
  55  5:56  SCV x2  
  60  5:58  SCV  
  60  6:01  Marine  
  62  6:08  SCV  
  62  6:10  SCV  
  64  6:13  Starport Reactor  
  64  6:14  Marine, Engineering Bay  
  64  6:17  SCV, Engineering Bay  
  64  6:18  Marine  
  67  6:20  SCV  
  67  6:21  Marine  
  67  6:25  Marine  
  70  6:30  SCV x2  
  70  6:32  Marine  
  68  6:33  SCV  
  68  6:37  Siege Tank  
  72  6:41  Barracks Reactor  
  72  6:42  Marine, SCV  
  72  6:46  Orbital Command  
  75  6:51  Terran Infantry Weapons Level 1, Terran Infantry Armor Level 1  
  74  6:55  Marine  
  74  6:56  Marine  
  74  6:59  SCV x2  
  74  7:00  Marine  
  79  7:05  Medivac  
  81  7:09  Siege Tank  
  81  7:11  SCV  
  81  7:12  Marine  
  81  7:14  Marine, Medivac  
  81  7:15  SCV  
  90  7:18  Marine  
  90  7:20  Marine  
  90  7:21  Marine  
  93  7:26  SCV, Supply Depot  
  94  7:30  Marine  
  94  7:35  Marine x2  
  94  7:38  Marine x2  
  94  7:39  SCV x2  
  97  7:46  Siege Tank  
  96  7:51  SCV, Medivac x2  
  96  7:52  SCV  
  96  7:55  Marine x2  
  96  7:56  Marine  
  105  8:01  Marine, Orbital Command  
  105  8:03  Marine, SCV  
  108  8:13  SCV  
  108  8:14  Marine  
  109  8:22  Supply Depot  
  109  8:23  Supply Depot  
  109  8:26  SCV  
  109  8:27  Marine  
  109  8:39  SCV  
  109  8:41  Marine  
  109  8:42  Marine x3  
  109  8:44  SCV x2, Supply Depot  
  109  8:45  Marine, Supply Depot  
  109  8:47  Supply Depot  
  112  8:51  SCV  
  108  8:59  Marine, SCV x2  
  108  9:00  Marine x3  
  112  9:02  Marine  
  112  9:03  SCV  
  112  9:04  Siege Tank  
  114  9:11  SCV  
  115  9:17  Marine  
  115  9:18  Marine x2  
  115  9:19  Marine  
  115  9:23  Marine  
Tags
 
Add a new tag
Caveats
  • Supply blocks, unpowered buildings, or Contaminate may cause inaccurate times.
  • Supply counts are checked every 10 seconds.